AoeStats
← 鹤锦

Fortress

507983072Analyzed
3v3 RM · 11d ago on Sep 20, 2026· 77m 30s· 6 players
Game mode
Random Map
Map size
Large (8 player)
Population
200
Speed
Normal
Resources
Standard
Victory
Conquest
Starting age
Dark Age
Ending age
Imperial Age
RankedLock teamsTeams togetherTeam positionsShared explorationLock speedFull tech treeHidden civsTurbo modeCheats
Victory
Defeat
🇨🇳 Slavs · China
786
+15
🇻🇳 Romans · Vietnam
758
+16
🇻🇳 Franks · Vietnam
732
+17
🇨🇳 Spanish · China
775
-17
🇨🇳 Celts · China
765
-16
🇬🇧 Spanish · United Kingdom
726
-15
Seninnhuynh
1:23 Loom
9:53 Feudal Age
12:37 Double-Bit Axe
12:37 Horse Collar
12:50 Gold Mining
16:18 Stone Mining
20:45 Castle Age
18:51 Man-at-Arms
20:20 Wheelbarrow
21:46 Bow Saw
21:41 Heavy Plow
21:50 Long Swordsman
21:50 Pikeman
22:31 Squires
22:45 Forging
22:36 Padded Archer Armor
22:26 Fletching
22:43 Town Watch
23:44 Scale Mail Armor
24:22 Iron Casting
23:53 Scale Barding Armor
24:58 Hand Cart
30:01 Imperial Age
29:27 Leather Archer Armor
29:08 Bodkin Arrow
29:29 Chain Mail Armor
31:45 Heavy Scorpion
33:12 Conscription
32:58 Ballistas
33:13 Capped Ram
35:45 Chemistry
35:06 Ballistics
35:19 Ring Archer Armor
35:50 Blast Furnace
36:25 Siege Ram
41:51 Crop Rotation
45:32 Sappers
54:28 Caravan
54:59 Coinage
54:39 Guilds
57:02 Comitatenses
60:16 Banking
60:11 Chain Barding Armor
60:06 Town Patrol
62:16 Legionary
70:19 Elite Centurion
75:38 Plate Barding Armor
huynheninn98
0:50 Loom
7:54 Feudal Age
8:43 Double-Bit Axe
8:51 Gold Mining
11:06 Wheelbarrow
12:04 Stone Mining
14:08 Man-at-Arms
17:39 Castle Age
15:42 Fletching
15:41 Arson
16:20 Forging
16:19 Scale Barding Armor
17:30 Forging
17:21 Scale Mail Armor
18:31 Bow Saw
18:58 Gold Shaft Mining
19:14 Hand Cart
25:47 Imperial Age
23:40 Pikeman
24:21 Squires
25:33 Husbandry
24:57 Elite Skirmisher
26:00 Gambesons
26:51 Padded Archer Armor
27:13 Crossbowman
30:17 Bodkin Arrow
30:37 Leather Archer Armor
31:51 #83
31:04 Light Cavalry
31:11 Halberdier
32:35 Iron Casting
32:21 Chain Barding Armor
32:04 Long Swordsman
33:03 Chain Mail Armor
36:16 Cavalier
41:54 Plate Barding Armor
41:50 Plate Mail Armor
42:20 Blast Furnace
41:25 Two-Handed Swordsman
41:52 Gambesons
44:25 Paladin
47:01 Ballistics
51:08 Chemistry
49:54 Arrowslits
55:31 Champion
57:36 Coinage
57:18 Caravan
61:10 Banking
69:41 Capped Ram
louisxxx
8:17 Feudal Age
13:48 Castle Age
13:14 Double-Bit Axe
12:55 Man-at-Arms
14:13 Forging
15:45 Horse Collar
19:13 Scale Mail Armor
20:06 Gold Mining
20:45 Husbandry
21:38 Pikeman
22:53 Bow Saw
24:36 Heavy Plow
25:25 Squires
25:05 Long Swordsman
28:47 Stone Mining
32:19 Imperial Age
31:11 Bloodlines
31:03 Loom
31:53 Wheelbarrow
31:04 Town Watch
33:28 Gold Shaft Mining
33:30 Iron Casting
34:54 Two-Man Saw
34:26 Crop Rotation
36:00 Elite Skirmisher
37:43 Blast Furnace
36:52 Siege Engineers
38:39 Fletching
39:15 Ballistics
38:51 Murder Holes
39:15 Hand Cart
39:00 Town Patrol
41:16 Scale Barding Armor
41:27 Chain Mail Armor
41:14 Padded Archer Armor
40:54 Capped Ram
43:50 Chain Barding Armor
43:26 Bodkin Arrow
43:47 Leather Archer Armor
44:03 Plate Mail Armor
44:16 Plate Mail Armor
44:50 Chemistry
43:51 Siege Ram
44:44 Elite Boyar
48:29 Detinets
48:31 Druzhina
48:53 Conscription
48:30 Two-Handed Swordsman
49:20 Onager
50:55 Plate Barding Armor
50:51 Ring Archer Armor
52:34 Siege Onager
52:50 Champion
52:52 Halberdier
59:57 Caravan
64:22 Coinage
77:22 Spies/Treason
Samuel
1:41 Loom
8:37 Feudal Age
9:15 Horse Collar
9:21 Double-Bit Axe
9:27 Gold Mining
16:33 Castle Age
16:10 Town Watch
17:00 Wheelbarrow
16:11 Loom
17:34 Bow Saw
17:39 Heavy Plow
18:23 Caravan
21:08 Hand Cart
21:08 Stone Mining
25:17 Fervor
26:37 Stone Shaft Mining
28:39 Imperial Age
27:24 Scale Barding Armor
27:48 Bloodlines
28:32 Husbandry
28:57 Chain Barding Armor
28:48 Forging
30:24 Two-Man Saw
30:21 Cavalier
30:36 Elite Conquistador
31:46 Light Cavalry
32:51 Conscription
33:09 Iron Casting
33:30 Plate Barding Armor
37:59 Blast Furnace
39:47 Paladin
45:18 Scale Mail Armor
我想做个好人
10:40 Feudal Age
11:27 Loom
11:28 Horse Collar
12:14 Gold Mining
18:38 Castle Age
16:35 Stone Mining
19:42 Forging
21:49 Gold Shaft Mining
21:02 Double-Bit Axe
21:19 Heavy Plow
22:15 Iron Casting
27:46 Imperial Age
26:11 Wheelbarrow
26:19 Caravan
26:49 Bow Saw
27:50 Scale Mail Armor
30:24 Hand Cart
29:54 Town Watch
30:20 Capped Ram
32:31 Blast Furnace
33:52 Furor Celtica
34:31 Coinage
34:14 Guilds
35:43 Chain Mail Armor
36:04 Siege Engineers
37:46 Siege Ram
40:24 Masonry
42:46 Stone Shaft Mining
45:49 Pikeman
47:23 Elite Woad Raider
51:46 Plate Mail Armor
51:58 Halberdier
鹤锦
7:38 Feudal Age
8:19 Horse Collar
8:54 Double-Bit Axe
13:59 Stone Mining
13:59 Gold Mining
15:27 Gold Mining
18:09 Castle Age
24:50 Bow Saw
24:56 Heavy Plow
26:31 Husbandry
26:46 Bloodlines
34:03 Imperial Age
32:49 Scale Barding Armor
32:55 Forging
33:39 Wheelbarrow
33:56 Ballistics
34:43 Elite Conquistador
36:19 Conscription
36:34 Hand Cart
41:42 Stone Shaft Mining
Connection lost

Rejoining the realm…

Still unreachable

The connection could not be restored.

Session expired

The server has moved on; the page needs a fresh start.